 Dungeon Crawl Stone Soup version 0.29.0-4-gdea44cf6ec (webtiles) character file.

Game seed: 2264211558802309975

57 qw the Chopper (level 4, -6/26 HPs)
             Began as a Tengu Warper on Aug 28, 2022.
             Mangled by Sigmund
             ... wielding a +0 scythe
              (7 damage)
             ... on level 2 of the Dungeon.
             The game lasted 00:00:09 (1408 turns).

qw the Chopper (Tengu Warper)                       Turns: 1408, Time: 00:00:10

Health: -6/26      AC:  7    Str: 13    XL:     4   Next: 0%
Magic:  8/8        EV: 12    Int: 13    God:
Gold:   93         SH:  0    Dex: 14    Spells: 7/7 levels left

rFire   . . .      SeeInvis .   Y - +0 hand axe
rCold   . . .      Faith    .   (no shield)
rNeg    . . .      Spirit   .   b - +0 leather armour
rPois   .          Reflect  .   (helmet restricted)
rElec   .          Harm     .   (no cloak)
rCorr   .          Rampage  .   (no gloves)
Will    .....                   (boots unavailable)
Stlth   +.........              (no amulet)
HPRegen 0.08/turn               k - +4 ring of protection
MPRegen 0.11/turn               (no ring)

@: no status effects
A: beak, talons 3
a: no special abilities


You were on level 2 of the Dungeon.
You visited 1 branch of the dungeon, and saw 2 of its levels.

You collected 93 gold pieces.


Innate Abilities, Weirdness & Mutations

You have a beak for a mouth.
You have claws for feet.


   Skills:
 - Level 2.0 Fighting
 + Level 4.5 Axes
 - Level 1.0 Throwing
 - Level 1.1 Armour
 - Level 2.1 Dodging
 - Level 2.0 Spellcasting
 - Level 2.4 Translocations


You had 7 spell levels left.
You didn't know any spells.
Your spell library contained the following spells:

 Spells                   Type           Power      Damage    Failure   Level
 Blink                    Tloc           14%        N/A       19%         2
 Gell's Gravitas          Tloc           7%         N/A       36%         3
 Lesser Beckoning         Tloc           7%         N/A       36%         3
 Teleport Other           Tloc           7%         N/A       36%         3
 Manifold Assault         Tloc           7%         N/A       98%         5

Inventory:

Hand Weapons
 d - a +0 club
 Y - a +0 hand axe (weapon)
Armour
 b - a +0 leather armour (worn)
 f - a +0 scale mail
Jewellery
 k - a +4 ring of protection (left hand)
Scrolls
 a - a scroll of identify
 c - a scroll of fog {unknown}
Potions
 g - 2 potions of resistance {unknown}
 l - a potion of might {unknown}
 n - 2 potions of flight {unknown}
 o - a potion of heal wounds {unknown}

Dungeon Overview and Level Annotations

Branches:
Dungeon (2/15)

Altars:

Annotations:
D:2 Sigmund


Message History

You are frozen.
You hit the endoplasm.
The endoplasm is lightly wounded.
You hit something. The endoplasm barely misses you. Something hits you.
You hit the endoplasm. You claw the endoplasm.
You kill the endoplasm!
You hit something.
You have reached level 4!
You feel agile.
You hit something. You claw something. Your peck misses something.
Something hits you.
You miss something. Something completely misses you.
You completely miss something. You peck something. Something barely misses you.
You hit something. You barely miss something. Your kick misses something.
Something hits you.
You hit something but do no damage. Your kick misses something.
Something hits you but does no damage.
You closely miss something. You peck something. You closely miss something.
Your kick misses something.
You hear some strange, mumbled words.
You are confused.
You're too confused to attack without stumbling around!
There is a strange disturbance nearby!
Something hits you but does no damage.
You're too confused to attack without stumbling around!
There is a strange disturbance nearby!
Something hits you.
You're too confused to attack without stumbling around!
There is a strange disturbance nearby!
You're too confused to attack without stumbling around!
There is a strange disturbance nearby!
Something hits you.
You're too confused to attack without stumbling around!
There is a strange disturbance nearby!
You feel less confused. Something hits you!
You die...

#............#. # #.
#........#.#### ##.#.
##..............
##..#.###....#..........
#................#......
...#............##......
......>......#..##......
##....{........###......
.......@..###).###...##.
##.............##..####.
...............%........
##................#####.
..................# ##
###...............#
#...............#
#...............#
...........#


There were no monsters in sight!

Vanquished Creatures
  A gnoll (D:1)
  2 worms
  3 dart slugs (D:1)
  7 endoplasms
  A goblin (D:1)
  2 hobgoblins
  3 jackals (D:2)
  4 kobolds
  3 ball pythons (D:1)
  4 bats (D:1)
  A frilled lizard (D:1)
  4 rats
35 creatures vanquished.

Notes
Turn   | Place    | Note
-------+----------+-------------------------------------------
     0 | D:1      | qw the Tengu Warper began the quest for the Orb.
     0 | D:1      | Reached XP level 1. HP: 12/12 MP: 4/4
     0 | D:1      | 0 ||| qw: Version: 0.1-a-89-g26bdef1
     0 | D:1      | 0 ||| qw: Game counter: 368
     0 | D:1      | 0 ||| qw: Always use a shield: true
     0 | D:1      | 0 ||| qw: God list: Okawaru
     0 | D:1      | 0 ||| qw: Allow faded altars: false
     0 | D:1      | 0 ||| qw: Do Orc after D:15 true
     0 | D:1      | 0 ||| qw: Do second Lair branch before Depths: true
     0 | D:1      | 0 ||| qw: Lair rune preference: random
     0 | D:1      | 0 ||| qw: Plans: Normal
     0 | D:1      | 0 ||| PLANNING D:1-11
    58 | D:1      | Reached XP level 2. HP: 17/17 MP: 6/6
    59 | D:1      | Reached skill level 3 in Axes
   114 | D:1      | 114 ||| Stepping ~*~*~tactically~*~*~ (hiding).
   190 | D:1      | Found a faded altar of an unknown god.
   206 | D:1      | Reached XP level 3. HP: 7/21 MP: 7/7
   579 | D:1      | 579 ||| Stepping ~*~*~tactically~*~*~ (stealth).
   581 | D:1      | 581 ||| Stepping ~*~*~tactically~*~*~ (stealth).
   591 | D:1      | Reached skill level 4 in Axes
   611 | D:1      | 611 ||| Stepping ~*~*~tactically~*~*~ (stealth).
   861 | D:1      | 861 ||| DROPPING ring of magical power.
   862 | D:1      | 862 ||| UPGRADING to +4 ring of protection.
   863 | D:1      | 863 ||| READING 2 scrolls labelled ICERPH WAQEPLOMYRCH.
   864 | D:1      | 864 ||| READING scroll labelled JIEDGH WOEFE.
   865 | D:1      | 865 ||| READING scroll labelled ELOBLO NATUUHO.
   868 | D:1      | 868 ||| READING scroll labelled UHIKLI GAGUICK.
   869 | D:1      | 869 ||| READING scroll labelled WAUNOR VOGULAE.
   870 | D:1      | 870 ||| DRINKING 2 bubbling silvery potions.
   871 | D:1      | 871 ||| DROPPING scroll of blinking.
   898 | D:2      | 898 ||| STAIRDANCE
   942 | D:2      | 942 ||| STAIRDANCE
  1098 | D:2      | 1098 ||| STAIRDANCE
  1112 | D:2      | 1112 ||| STAIRDANCE
  1315 | D:2      | 1315 ||| Stepping ~*~*~tactically~*~*~ (stealth).
  1316 | D:2      | 1316 ||| Stepping ~*~*~tactically~*~*~ (stealth).
  1387 | D:2      | Noticed Sigmund
  1389 | D:2      | 1389 ||| DRINKING potion of curing.
  1389 | D:2      | 1389 ||| (to cure confusion)
  1396 | D:2      | Reached XP level 4. HP: 16/26 MP: 8/8
  1407 | D:2      | HP: 1/26 [something (6)]
  1408 | D:2      | Mangled by Sigmund

Levels and vault maps discovered:
D:1:      lightli_arrival_noodles, layout_rooms,
          ebering_ecumenical_altar_petrified
D:2:      layout_rooms, corexii_corridor_pit, uniq_sigmund

Skill      XL: |  1  2  3 |
---------------+----------+-----
Axes           | 3 4 |  4.5
Fighting       | |  2.0
Throwing       | |  1.0
Armour         | |  1.1
Dodging        | |  2.1
Spellcasting   | |  2.0
Translocations | |  2.4

Action                   |  1- 3 |  4- 6 || total
-------------------------+-------+-------++-------
Melee: Hand axe          |    90 |     8 ||    98
       Peck              |    14 |     2 ||    16
       Kick              |    20 |     1 ||    21
Throw: Boomerang         |     7 |       ||     7
  Use: Scroll            |     5 |       ||     5
       Potion            |     2 |       ||     2
Armor: Leather armour    |    19 |     2 ||    21
Dodge: Dodged            |    51 |     2 ||    53

Table legend:
 A = Non-vault XP
 B = Vault XP
 C = Vault XP percentage of total XP
 D = Non-vault monster count
 E = Vault monster count
 F = Vault count percentage of total count
                 A         B        C        D         E       F
            +---------+---------+-------+---------+---------+-------
      Total |      82 |       0 |   0.0 |      35 |       0 |   0.0
            +---------+---------+-------+---------+---------+-------
        D:1 |      63 |       0 |   0.0 |      26 |       0 |   0.0
        D:2 |      19 |       0 |   0.0 |       9 |       0 |   0.0
            +---------+---------+-------+---------+---------+-------
